 Dungeon Crawl Stone Soup version 0.20.1-1-g8b1a95d (webtiles) character file.

86 HuneSparrow the Skirmisher (level 4, 0/35 HPs)
             Began as a Demonspawn Fighter on July 22, 2017.
             Succumbed to an adder's poison
             ... on level 2 of the Dungeon.
             The game lasted 00:02:07 (993 turns).

HuneSparrow the Skirmisher (Demonspawn Fighter)      Turns: 993, Time: 00:02:08

Health: 0/35       AC:  6    Str: 18    XL:     4   Next: 26%
Magic:  4/4        EV:  7    Int:  9    God:
Gold:   86         SH:  9    Dex: 12    Spells: 3/3 levels left

rFire    . . .     SeeInvis +   a - +0 long sword
rCold    . . .     Gourm    +   c - +0 shield
rNeg     . . .     Faith    .   b - +0 scale mail
rPois    .         Spirit   .   (no helmet)
rElec    .         Reflect  .   (no cloak)
rCorr    .         Harm     .   (no gloves)
MR       .....                  (no boots)
Stlth    ..........             h - amulet of the gourmand
Regen    0.2/turn               j - ring of see invisible
MPRegen  0.1/turn               (no ring)

@: lethally poisoned (0 -> -4)
A: claws 2, demonic guardian 1
a: no special abilities


You were on level 2 of the Dungeon.
You were completely stuffed.

You visited 1 branch of the dungeon, and saw 2 of its levels.

You collected 86 gold pieces.

Inventory:

Hand Weapons
 a - a +0 long sword (weapon)
Armour
 b - a +0 scale mail (worn)
 c - a +0 shield (worn)
Jewellery
 h - an amulet of the gourmand (around neck)
 j - a ring of see invisible (left claw)
Scrolls
 e - a scroll of remove curse {unknown}
 k - 5 scrolls of identify {unknown}
 l - 2 scrolls of fog {unknown}
 m - a scroll of enchant weapon {unknown}
 o - a scroll of noise {unknown}
 r - a scroll of teleportation {unknown}
Potions
 d - a potion of might
 g - 2 potions of degeneration {unknown}
 i - a potion of mutation {unknown}
 q - a potion of flight {unknown}
Comestibles
 f - a bread ration
 n - a royal jelly
 p - a chunk of flesh


   Skills:
 + Level 3.4 Fighting
 + Level 2.5 Long Blades
 + Level 3.3 Armour
 + Level 3.3 Shields


You had 3 spell levels left.
You didn't know any spells.

Dungeon Overview and Level Annotations

Branches:
Dungeon (2/15)

Altars:


Innate Abilities, Weirdness & Mutations

You have very sharp fingernails.
A weak demonic guardian rushes to your aid.


Message History

You feel sick. The adder bites you but does no damage.
Some of the chunks of flesh in your inventory have rotted away.
You feel sick. You block the adder's attack.
The adder bites you but does no damage. x2
You feel sick. You block the adder's attack.
You feel sick. The adder bites you.
* * * LOW HITPOINT WARNING * * *
The adder barely misses you.
You riposte.
You barely miss the adder.
The adder is severely wounded.
* * * LOW HITPOINT WARNING * * *
You feel sick. The adder bites you.
* * * LOW HITPOINT WARNING * * *
You block the adder's attack. The adder bites you but does no damage.
You block the adder's attack.
* * * LOW HITPOINT WARNING * * *
You feel sick. You block the adder's attack. The adder closely misses you.
You riposte.
You hit the adder.
You kill the adder!
You die...

........#........#.##........#
........#........ #......###
.####.#.#........ #......# ####
#.#.######### #......# #<.. #.#..
#....).###### #####.#############
#....).......
#....).......#....###.#.#########
+............+...................
#...(...####.#..@.###.#..########
#.......# #....# #........#
#.......# #....# #........#
#.......# #....# #........#
#...)...# #....# #........#
#.......# #....# #(.......#
...###### #....# #........#
...#########.###### #........#
...#..........# #........#


There were no monsters in sight!

Vanquished Creatures
  Jessica (D:2)
  3 adders (D:2)
  An ooze (D:1)
  A worm (D:2)
  A dart slug (D:1)
  A ball python (D:1)
  2 bats (D:1)
  2 giant cockroaches (D:1)
  3 hobgoblins
  A kobold (D:1)
  2 frilled lizards (D:1)
  5 goblins
  2 rats
25 creatures vanquished.

Notes
Turn   | Place    | Note
-------+----------+-------------------------------------------
     0 | D:1      | HuneSparrow the Demonspawn Fighter began the quest for the Orb.
     0 | D:1      | Reached XP level 1. HP: 18/18 MP: 1/1
   158 | D:1      | Gained mutation: You have sharp fingernails. [demonic ancestry]
   158 | D:1      | Reached XP level 2. HP: 21/24 MP: 2/2
   754 | D:2      | Noticed Jessica
   760 | D:2      | Killed Jessica
   760 | D:2      | Gained mutation: You have very sharp fingernails. [demonic ancestry]
   760 | D:2      | Reached XP level 3. HP: 25/29 MP: 3/3
   875 | D:2      | Gained mutation: A weak demonic guardian rushes to your aid. [demonic ancestry]
   875 | D:2      | Reached XP level 4. HP: 29/35 MP: 4/4
   988 | D:2      | HP: 1/35 [adder (4)]
   993 | D:2      | Succumbed to an adder's poison

Skill      XL: |  1  2 |
---------------+-------+-----
Long Blades    | 2 |  2.5
Shields        | 3 |  3.3
Armour         | 3 |  3.3
Fighting       | |  3.4

Action                   |  1- 3 |  4- 6 || total
-------------------------+-------+-------++-------
Melee: Long sword        |    68 |    12 ||    80
  Eat: Chunk             |    13 |     1 ||    14
Armor: Scale mail        |    33 |    20 ||    53
Dodge: Dodged            |    22 |    15 ||    37
Block: Shield            |    37 |    27 ||    64
       Rpst.: Long sword |    12 |     4 ||    16
